 Dungeon Crawl Stone Soup version 0.31-a0-618-g7ca08c1ff9 (webtiles) character file.

Game seed: 13106983185515483073

443377 cforsyth the Swashbuckler (level 24, 0/173 HPs)
             Began as a Gnoll Artificer on Aug 22, 2023.
             Was the Champion of Hepliaklqana.
             Slain by a vault guard
             ... wielding a +0 halberd
              (15 damage)
             ... on level 5 of the Vaults.
             The game lasted 03:08:29 (93640 turns).

cforsyth the Swashbuckler (Gnoll Artificer)        Turns: 93640, Time: 03:08:29

Health: 0/173      AC: 24    Str: 21    XL:     24   Next: 15%
Magic:  24/43      EV: 18    Int: 29    God:    Hepliaklqana [******]
Gold:   5327       SH: 15    Dex: 16    Spells: 17/55 levels left

rFire   + . .        o - +9 flail of Xetyk {flame, Str+3 Int+6}
rCold   + + .        D - +1 kite shield {rC+}
rNeg    + . .        X - +1 scale mail of the Doomed God {rF+ Str+4}
rPois   +            F - +1 helmet {Int+3}
rElec   +            R - +1 cloak
rCorr   .            q - +2 pair of gloves of Conscience {Fly rC+}
SInv    .            E - +2 pair of boots
Will    +....        p - amulet "Zothomiaci" {Drain rPois Regen+ Dex+3}
Stlth   ++           g - ring "Ybewa Romn" {Fly rElec rPois rN+}
HPRegen 1.28/turn    P - +4 ring of slaying
MPRegen 0.28/turn

%: no passive effects
@: flying, contaminated, glowing, studying 2 skills
A: reduced essence, fangs 1, strong nose, distributed training
}: 2/15 runes: decaying, serpentine
a: Renounce Religion, Recall Ancestor, Ancestor Identity, Transference, Idealise


You were on level 5 of the Vaults.
You worshipped Hepliaklqana.
Hepliaklqana was exalted by your worship.
You visited 8 branches of the dungeon, and saw 41 of its levels.
You visited 2 bazaars.
You also visited: Bailey, Ice Cave and Desolation.

You collected 7191 gold pieces.
You spent 1864 gold pieces at shops.

Inventory:

Hand Weapons
 k - a +3 heavy broad axe
 o - the +9 flail of Xetyk (weapon) {flame, Str+3 Int+6}
   (You found it on level 3 of the Crypt)

   Str+3:     It affects your strength (+3).
   Int+6:     It affects your intelligence (+6).
Armour
 d - a +2 helmet of see invisible
 q - the +2 pair of gloves of Conscience (worn) {Fly rC+}
   (You found it in a bailey)

   rC+:       It protects you from cold.
   Fly:       It grants you flight.
 D - a +1 kite shield of cold resistance (worn)
 E - a +2 pair of boots (worn)
 F - a +1 helmet of intelligence (worn)
 R - a +1 cloak (worn)
 X - the +1 scale mail of the Doomed God (worn) {rF+ Str+4}
   (You took it off a servant of whispers in the Desolation of Salt)

   Str+4:     It affects your strength (+4).
   rF+:       It protects you from fire.
Jewellery
 g - the ring "Ybewa Romn" (left hand) {Fly rElec rPois rN+}
   (You acquired it on level 7 of the Dungeon)

   [ring of positive energy]

   rElec:     It insulates you from electricity.
   rPois:     It protects you from poison rN+: It protects you from negative
   energy.
   Fly:       It grants you flight.
 j - a ring of positive energy
 p - the amulet "Zothomiaci" (around neck) {Drain rPois Regen+ Dex+3}
   (You found it on level 5 of the Lair of Beasts)

   [amulet of regeneration]

   Dex+3:     It affects your dexterity (+3).
   rPois:     It protects you from poison Regen+: It increases your rate of
   health regeneration.
   Drain:     It drains your maximum health when unequipped.
 x - a ring of fire
 A - a ring of protection from fire
 M - a ring of positive energy
 P - a +4 ring of slaying (right hand)
Wands
 a - a wand of quicksilver (7)
 r - a wand of flame (23)
 z - a wand of polymorph (26)
 B - a wand of paralysis (33)
 C - a wand of mindburst (10)
 N - a wand of digging (6)
 V - a wand of iceblast (24)
Scrolls
 e - 5 scrolls of revelation
 f - 10 scrolls of immolation
 h - 4 scrolls of blinking
 i - 6 scrolls of vulnerability
 l - 8 scrolls of enchant weapon
 m - 5 scrolls of brand weapon
 s - 9 scrolls of teleportation
 y - a scroll of fear
 L - 9 scrolls of poison
 U - 8 scrolls of fog
 W - 3 scrolls of silence
 Z - 5 scrolls of enchant armour
Potions
 b - 7 potions of enlightenment
 c - 8 potions of mutation
 t - 21 potions of curing
 u - 5 potions of ambrosia
 v - 11 potions of heal wounds
 w - 5 potions of haste
 G - 6 potions of invisibility
 H - 6 potions of might
 I - 6 potions of resistance
 J - 7 potions of attraction
 K - 3 potions of magic
 O - 10 potions of berserk rage
 Q - a potion of brilliance
 S - 5 potions of cancellation
 T - 5 potions of lignification
Miscellaneous
 n - a lightning rod (4/4)
 Y - a phial of floods


   Skills:
 + Level 16.6 Fighting
 + Level 19.9 Short Blades
 + Level 16.4 Long Blades
 + Level 16.4 Axes
 + Level 16.4 Maces & Flails
 + Level 16.4 Polearms
 + Level 16.4 Staves
 + Level 16.4 Ranged Weapons
 + Level 16.4 Throwing
 + Level 17.0 Armour
 + Level 16.6 Dodging
 + Level 16.6 Stealth
 + Level 16.4 Shields
 + Level 16.4 Unarmed Combat
 + Level 16.4 Spellcasting
 + Level 14.0 Conjurations
 + Level 14.0 Hexes
 + Level 14.0 Summonings
 + Level 14.0 Necromancy
 + Level 14.0 Translocations
 + Level 14.0 Transmutations
 + Level 14.0 Fire Magic
 + Level 17.3 Ice Magic
 + Level 14.0 Air Magic
 + Level 14.0 Earth Magic
 + Level 14.0 Poison Magic
 + Level 17.8 Invocations
 + Level 17.5 Evocations
 + Level 15.1 Shapeshifting


You had 17 spell levels left.
You knew the following spells:

 Your Spells              Type           Power      Damage    Failure   Level
a - Stone Arrow           Conj/Erth      100%       3d13      1%          3
b - Tukima's Dance        Hex            81%        N/A       1%          3
c - Iskenderun's Mystic   Conj/Tloc      81%        2d16      1%          4
d - Irradiate             Conj/Tmut      40%        3d25      1%          5
e - Spellforged Servitor  Conj/Summ      40%        N/A       14%         7
f - Summon Forest         Summ/Tloc      40%        N/A       1%          5
g - Plasma Beam           Fire/Air       40%        2x1d54    2%          6
h - Summon Mana Viper     Hex/Summ       81%        N/A       1%          5

Your spell library contained the following spells:

 Spells                   Type           Power      Damage    Failure   Level
 Ensorcelled Hibernation  Hex/Ice        100%       N/A       0%          2
 Frozen Ramparts          Ice            100%       1d16      0%          3
 Apportation              Tloc           100%       N/A       1%          1
 Foxfire                  Conj/Fire      100%       2x1d9     1%          1
 Kiss of Death            Conj/Necr      100%       2d13      1%          1
 Magic Dart               Conj           100%       1d8       1%          1
 Necrotise                Necr           100%       1d9       1%          1
 Sandblast                Erth           100%       2d20      1%          1
 Sting                    Tmut/Pois      100%       1d8       1%          1
 Summon Small Mammal      Summ           100%       N/A       1%          1
 Call Imp                 Summ           100%       N/A       1%          2
 Cigotuvi's Dreadful Rot  Necr/Pois/Air  100%       N/A       1%          2
 Lesser Beckoning         Tloc           100%       N/A       1%          2
 Passwall                 Tmut/Erth      67%        N/A       1%          2
 Poisonous Vapours        Pois/Air       100%       N/A       1%          2
 Searing Ray              Conj           100%       2d8       1%          2
 Sublimation of Blood     Necr           81%        N/A       1%          2
 Wereblood                Tmut           81%        N/A       1%          2
 Confusing Touch          Hex            81%        N/A       1%          3
 Gell's Gravitas          Tloc           81%        N/A       1%          3
 Hailstorm                Conj/Ice       86%        3d17      1%          3
 Ignite Poison            Fire/Tmut/Pois 81%        N/A       1%          3
 Inner Flame              Hex/Fire       81%        N/A       1%          3
 Mephitic Cloud           Conj/Pois/Air  81%        N/A       1%          3
 Portal Projectile        Hex/Tloc       100%       N/A       1%          3
 Summon Guardian Golem    Hex/Summ       81%        N/A       1%          3
 Swiftness                Air            81%        N/A       1%          3
 Teleport Other           Tloc           81%        N/A       1%          3
 Vhi's Electric Charge    Tloc/Air       100%       N/A       1%          3
 Volatile Blastmotes      Fire/Tloc      100%       2d18      1%          3
 Anguish                  Hex/Necr       40%        N/A       1%          4
 Animate Armour           Summ/Erth      100%       N/A       1%          4
 Animate Dead             Necr           81%        N/A       1%          4
 Cause Fear               Hex            40%        N/A       1%          4
 Dispel Undead            Necr           81%        3d26      1%          4
 Flame Wave               Conj/Fire      81%        2d18      1%          4
 Fulminant Prism          Conj/Hex       40%        3d19      1%          4
 Olgreb's Toxic Radiance  Pois           81%        N/A       1%          4
 Passage of Golubria      Tloc           81%        N/A       1%          4
 Petrify                  Tmut/Erth      81%        N/A       1%          4
 Sticky Flame             Conj/Fire      81%        2d9       1%          4
 Summon Ice Beast         Ice/Summ       86%        N/A       1%          4
 Alistair's Intoxication  Tmut/Pois      54%        N/A       1%          5
 Arcjolt                  Conj/Air       40%        1d50      1%          5
 Borgnjor's Vile Clutch   Necr/Erth      40%        N/A       1%          5
 Freezing Cloud           Conj/Ice/Air   42%        6-21      1%          5
 Iskenderun's Battlesphe  Conj           81%        2d13      1%          5
 Lee's Rapid Deconstruct  Erth           40%        3d20*     1%          5
 Metabolic Englaciation   Hex/Ice        43%        N/A       1%          5
 Silence                  Hex/Air        40%        N/A       1%          5
 Simulacrum               Ice/Necr       43%        N/A       1%          6
 Death Channel            Necr           40%        N/A       2%          6
 Eringya's Noxious Bog    Tmut/Pois      40%        4d6       2%          6
 Leda's Unmaking          Conj/Erth      40%        9d7       2%          6
 Starburst                Conj/Fire      40%        6d12      2%          6
 Haunt                    Necr/Summ      40%        N/A       14%         7
 Malign Gateway           Summ/Tloc      40%        N/A       14%         7
 Orb of Destruction       Conj           40%        9d11      14%         7
 Summon Hydra             Summ           40%        N/A       14%         7
 Borgnjor's Revivificati  Necr           40%        N/A       75%         8
 Discord                  Hex            40%        N/A       75%         8
 Ignition                 Fire           40%        3d12      75%         8
 Infestation              Necr           40%        N/A       75%         8
 Lehudib's Crystal Spear  Conj/Erth      40%        10d10     75%         8
 Maxwell's Capacitive Co  Air            40%        ∞         75%         8
 Polar Vortex             Ice            45%        12d6*     99%         9
 Chain Lightning          Conj/Air       40%        3d54      100%        9
 Death's Door             Necr           40%        N/A       100%        9


Dungeon Overview and Level Annotations

Branches:
Dungeon (15/15)            Temple (0/1) D:7            Lair (5/5) D:10
  Swamp (4/4) Lair:2        Snake (4/4) Lair:2        Slime (0/5) Lair:5
    Orc (2/2) D:10            Elf (3/3) Orc:2        Vaults (5/5) D:13
  Crypt (3/3) Vaults:2       Tomb (0/3) Crypt:3      Depths (0/4) D:15
 Bailey (visited)           IceCv (visited)         Desolation (visited)

Altars:
Ashenzari
Fedhas
Gozag
Hepliaklqana
Kikubaaqudgha
Makhleb
Uskayaw
Vehumet
Wu Jian
Xom
Yredelemnul

Shops:
D:4 [   D:13 :!?   Orc:2 ([*[   Elf:2 ?   Snake:1 *   Snake:4 :   Vaults:3 (
Vaults:4 (

Portals:
Trove: Vaults:3 (give +4 fire dragon scales)

Annotations:
Snake:1 Roxanne


Innate Abilities, Weirdness & Mutations

Your life essence is reduced to manifest your ancestor. (-10% HP)
You have very sharp teeth.
Your uncanny sense of smell can sniff out nearby items.
Your experience applies equally to all skills.


Message History

The yaktaur captain shoots a bolt.
The bolt completely misses you. You block the storm dragon's attack.
The storm dragon barely misses you. The storm dragon tramples you.
* * * LOW HITPOINT WARNING * * *
You are shoved backwards!
An ironbound thunderhulk and a deep elf knight come into view.
Your Armour skill increases to level 17!
Your Conjurations skill increases to level 14!
Your Hexes skill increases to level 14!
Your Summonings skill increases to level 14!
Your Necromancy skill increases to level 14!
Your Translocations skill increases to level 14!
Your Transmutations skill increases to level 14!
Your Fire Magic skill increases to level 14!
Your Air Magic skill increases to level 14!
Your Earth Magic skill increases to level 14!
Your Poison Magic skill increases to level 14!
Blink to where?
Press: ? - help, Dir - move target
As you read the scroll of blinking, it crumbles to dust.
Marduk-asir hits the ettin with a +0 lajatang of freezing!!
Marduk-asir freezes the ettin!
Marduk-asir hits the ettin with a +0 lajatang of freezing!!
Marduk-asir freezes the ettin.
The ettin dies!
The titan mumbles some strange words.
The titan is healed somewhat.
The titan waves its arms in wide circles.
The air twists around and strikes you!!
* * * LOW HITPOINT WARNING * * *
Something bites Marduk-asir.
Something claws Marduk-asir!
Something tramples Marduk-asir but does no damage.
Blink to where?
Press: ? - help, Dir - move target
As you read the scroll of blinking, it crumbles to dust.
Casting: Irradiate (mildly dangerous; 1% risk of failure)
Confirm with . or Enter, or press ? or * to list all spells.
A mana viper appears with a sibilant hiss.
The vault guard hits you from afar with a +0 halberd!
You die...

#.....#...(#
#...O #...§#
#....#
#....#
#....#
#....#
#....#
#...S#
#...@#
#....#
#..p.#
#....# ∆
#....#
#....#
#....#
#....#


You could see a vault guard (ally target) and a friendly mana viper (summoned).

Vanquished Creatures
  A dread lich (Vaults:4)
  Saint Roka (Orc:2)
  Nikola (Snake:2)
  A bone dragon (Crypt:3)
  Jorgrun (D:15)
  Rupert (D:12)
  A quicksilver dragon (Vaults:4)
  2 deep elf blademasters
  A sphinx (Vaults:5)
  A deep elf master archer (Elf:3)
  A shadow dragon (Vaults:5)
  Aizul (Snake:4)
  A thorn hunter (Swamp:4)
  The ghost of niangp the Warrior, a journeyman MiBe of Trog (D:14)
  A fire giant (Vaults:4)
  3 deep elf sorcerers
  8 vault wardens
  3 frost giants
  3 nagarajas
  3 curse skulls
  A deep elf elementalist (Elf:3)
  3 ghouls
  2 orc warlords
  8 ironbound preservers
  The ghost of experimilk the Brawler, a journeyman TrGl of Wu Jian (Lair:4)
  2 ironbound thunderhulks
  2 war gargoyles
  4 formless jellyfish
  4 stone giants
  A hydra skeleton (Swamp:4)
  The ghost of lunkers the Black Belt, a journeyman MeSh of Gozag (Lair:5)
  3 vampire knights
  2 eleionomae
  A white draconian (IceCv)
  3 bunyips
  7 dire elephants
  A deep elf annihilator (Elf:3)
  2 ettins
  2 deep elf death magi
  5 yaktaur captains
  2 jiangshi
  3 deep elf high priests
  2 ragged hierophants (Desolation)
  A spriggan air mage (Swamp:3)
  20 vault guards
  11 hydras
  An ogre mage (D:13)
  5 servants of whispers (Desolation)
  An ice dragon (IceCv)
  3 peacekeepers (Desolation)
  A spriggan skeleton (Crypt:3)
  A boulder beetle (D:15)
  A fenstrider witch skeleton (Crypt:1)
  A catoblepas (D:13)
  4 salamander tyrants
  2 two-headed ogres (D:11)
  2 alligators
  8 ironbound frosthearts
  7 centaur warriors
  6 anacondas
  A death knight (Crypt:1)
  9 dancing weapons
  7 naga warriors
  A bennu zombie (Crypt:1)
  A deep troll shaman (Lair:5)
  2 tengu warriors (D:15)
  3 shock serpents
  3 death yaks (Lair:5)
  A hell knight (Crypt:3)
  14 naga sharpshooters
  5 deep elf knights
  A fire crab (Lair:5)
  5 goliath frogs
  12 skeletal warriors
  2 salamander mystics (Snake:4)
  A storm dragon skeleton (Crypt:1)
  2 bog bodies (Swamp:2)
  A spriggan druid (Swamp:4)
  A sea snake (Snake:2)
  A spectral hydra (Swamp:4)
  13 deep trolls
  A flayed ghost (Swamp:4)
  An orange crystal statue (IceCv)
  2 naga ritualists (Snake:4)
  2 swamp dragons
  5 deep elf archers
  8 orc knights
  11 deep elf zephyrmancers
  A nameless horror (Crypt:3)
  A wolf spider (shapeshifter) (Vaults:4)
  3 phantasmal warriors (Swamp:4)
  3 lindwurms
  3 wizards
  11 deep elf pyromancers
  18 ugly things
  A mana viper (Snake:1)
  2 orc sorcerers (Orc:1)
  6 salamanders
  2 oklob plants
  3 will-o-the-wisps
  A faun (shapeshifter) (Vaults:4)
  An elephant (Lair:5)
  5 cyclopes
  A formless jellyfish zombie (Crypt:2)
  8 naga magi
  12 black mambas
  A centaur zombie (Crypt:3)
  9 guardian serpents
  2 smoke demons (Crypt:3)
  2 vault sentinels
  A molten gargoyle (Desolation)
  A torpor snail (Lair:5)
  6 cane toads
  2 gargoyles
  9 rime drakes
  2 komodo dragons
  5 freezing wraiths
  An efreet (D:15)
  7 yaktaurs
  A mana viper skeleton (Crypt:1)
  A merfolk (shapeshifter) (Vaults:4)
  A troll (D:10)
  3 polar bears
  An ettin zombie (Vaults:1)
  A death drake zombie (Swamp:4)
  Prince Ribbit (Lair:2)
  2 bloated husks
  27 saltlings (Desolation)
  12 hornets
  14 blink frogs
  4 tyrant leeches
  A harpy skeleton (Crypt:3)
  2 air elementals
  33 yaks
  2 wraiths
  3 flying skulls (Crypt:2)
  A jumping spider (shapeshifter) (Vaults:4)
  A shadow (Crypt:3)
  A wyvern (Lair:2)
  A fire dragon skeleton (Crypt:1)
  15 slime creatures
  3 spriggans
  2 water elementals (Elf:1)
  2 fire elementals (Elf:1)
  A human (D:13)
  2 vampires
  Eustachio (D:5)
  A basilisk (shapeshifter) (Elf:2)
  4 basilisks
  5 steam dragons
  7 vampire mosquitoes
  7 swamp worms
  5 wargs
  Menkaure (D:6)
  3 hydra simulacra (Swamp:4)
  27 nagas
  A glowing shapeshifter skeleton (Crypt:2)
  6 water moccasins
  3 acid dragons
  Edmund (D:4)
  5 black bears
  2 ice beasts
  3 swamp drakes (Swamp:4)
  3 sky beasts
  26 orc warriors
  A human zombie (Vaults:1)
  A swamp dragon zombie (Swamp:4)
  7 ogres
  11 wolves
  5 centaurs
  2 swamp dragon skeletons (Swamp:4)
  A phantom (D:5)
  A kobold brigand (D:9)
  A necrophage (Crypt:2)
  6 bullfrogs
  3 earth elementals
  A scorpion (D:3)
  8 wights
  A warg skeleton (Crypt:1)
  A killer bee (D:10)
  An electric eel (D:8)
  2 howler monkeys (D:8)
  3 crimson imps (D:11)
  A human simulacrum (Vaults:1)
  6 jellies (Lair:3)
  2 hounds
  10 orc priests
  Terence (D:2)
  2 iguanas
  Ijyb (D:3)
  Natasha (thrice) (D:2)
  10 orc wizards
  4 gnolls (D:3)
  7 adders
  2 white imps
  4 dart slugs
  54 orcs
  11 bats
  18 endoplasms
  4 giant cockroaches
  11 goblins
  9 hobgoblins
  7 jackals
  11 kobolds
  4 quokkas
  3 ball pythons
  2 frilled lizards (D:1)
  A rat (D:1)
  A butterfly (Lair:2)
913 creatures vanquished.

Vanquished Creatures (collateral kills)
  2 dread liches (Crypt:3)
  The ghost of Yptir the Protected, an adept AtFE of Vehumet (Vaults:4)
  A shard shrike zombie (Crypt:3)
  A lich (Crypt:3)
  2 deep elf blademasters (Elf:3)
  A deep elf master archer (Elf:3)
  An ancient champion (Crypt:1)
  Frances (Elf:1)
  2 sphinxes
  2 thorn hunters
  4 nagarajas (Snake:4)
  A revenant (Crypt:2)
  3 deep elf sorcerers (Elf:3)
  4 vault wardens
  A frost giant (IceCv)
  7 deep elf elementalists
  A curse skull (Crypt:2)
  An imperial myrmidon (Desolation)
  A juggernaut zombie (Crypt:1)
  2 very ugly things (Vaults:3)
  7 ghouls
  2 orc warlords (Vaults:4)
  2 war gargoyles (Crypt:3)
  A juggernaut skeleton (Crypt:1)
  9 ironbound preservers
  A rockslime zombie (Crypt:1)
  The ghost of Dagg the Bludgeoner, a journeyman FoFi of Okawaru (Orc:1)
  4 formless jellyfish
  6 ironbound thunderhulks
  Nessos (D:13)
  7 deep elf annihilators (Elf:3)
  3 deep elf demonologists (Elf:3)
  6 eleionomae
  3 vampire knights
  15 dire elephants
  The ghost of Juicyj the Cleaver, a journeyman MiFi (D:11)
  A bunyip (Swamp:1)
  2 halazid warlocks (Desolation)
  8 deep elf death magi
  2 eidola (Crypt:2)
  An ettin (Vaults:5)
  3 crystal guardians (Desolation)
  A mummy priest (Crypt:3)
  4 ice dragons (IceCv)
  2 servants of whispers (Desolation)
  7 jiangshi
  3 shambling mangroves (Swamp:4)
  3 ragged hierophants (Desolation)
  A spriggan zombie (Crypt:1)
  6 deep elf high priests (Elf:3)
  2 yaktaur captains
  4 great orbs of eyes
  2 nameless horrors (Crypt:3)
  14 vault guards
  2 ghost crabs
  8 hydras
  2 peacekeepers (Desolation)
  Harold (Orc:1)
  6 centaur warriors
  9 ironbound frosthearts
  2 anacondas (Snake:4)
  An anaconda (shapeshifter) (Vaults:4)
  4 boulder beetles
  2 two-headed ogres
  The ghost of Selrock the Protected, a journeyman GrFi of Uskayaw (Lair:1)
  A catoblepas (Lair:5)
  3 alligators
  A tengu warrior (D:14)
  A fenstrider witch skeleton (Crypt:2)
  A spriggan skeleton (Crypt:3)
  A death yak (Lair:5)
  9 naga warriors
  5 vampire magi
  A deep troll earth mage (Vaults:2)
  11 dancing weapons
  4 orc high priests
  8 hell knights (Crypt:3)
  5 naga sharpshooters
  A shock serpent (Snake:4)
  13 deep elf knights
  20 skeletal warriors
  A skyshark (Lair:4)
  A swamp dragon (shapeshifter) (D:14)
  4 goliath frogs
  20 deep trolls
  2 spriggan druids (Swamp:4)
  14 deep elf archers
  2 anaconda skeletons
  15 ironbound convokers
  4 lindwurms
  A wizard (Vaults:1)
  2 swamp dragons (Swamp:4)
  4 bog bodies
  2 spectral hydras (Swamp:4)
  18 deep elf pyromancers
  6 phantasmal warriors
  9 orc knights
  A steelbarb worm (shapeshifter) (Vaults:4)
  A jorogumo zombie (Crypt:1)
  A mana viper (Snake:3)
  22 deep elf zephyrmancers
  5 necromancers
  9 ugly things
  A shadow dragon skeleton (Crypt:2)
  2 manticores
  2 oklob plants (Swamp:4)
  A faun (shapeshifter) (Vaults:4)
  An orc sorcerer (Orc:1)
  4 salamanders
  2 centaur zombies (Crypt:1)
  A fire giant skeleton (Crypt:1)
  4 elephants (Lair:5)
  A dire elephant zombie (Crypt:3)
  A black mamba (shapeshifter) (Elf:1)
  3 vault sentinels
  3 naga magi
  A torpor snail (Lair:3)
  6 cane toads
  3 guardian serpents
  An ice statue (D:9)
  3 smoke demons (Crypt:3)
  7 black mambas
  The ghost of cforsyth the Charlatan, a novice GnAr (D:7)
  4 gargoyles
  A kobold demonologist (D:13)
  5 freezing wraiths
  A centaur skeleton (Crypt:2)
  A red draconian zombie (Crypt:2)
  22 yaktaurs
  6 rime drakes
  5 komodo dragons
  An alligator snapping turtle skeleton (Crypt:3)
  A tyrant leech (Swamp:2)
  A troll (D:14)
  2 red devils (Crypt:3)
  A hydra skeleton (Swamp:4)
  2 harpy zombies
  3 hornets
  A hydra zombie (Swamp:4)
  4 polar bears
  14 saltlings (Desolation)
  A human skeleton (Vaults:1)
  17 blink frogs
  2 harpy skeletons (Crypt:3)
  An ettin zombie (Crypt:3)
  A dream sheep (Lair:5)
  3 flying skulls (Crypt:2)
  A great orb of eyes zombie (Crypt:1)
  A slime creature (shapeshifter) (Vaults:2)
  4 shadows
  3 ettin skeletons
  4 vampires
  15 slime creatures
  A naga simulacrum (Crypt:1)
  3 air elementals (Elf:3)
  7 wraiths
  A wyvern (D:8)
  A fire elemental (Elf:1)
  24 yaks
  6 spriggans
  A water elemental (Elf:1)
  A black mamba skeleton (Crypt:3)
  2 basilisks
  A human (D:13)
  2 steam dragons
  5 vampire mosquitoes
  4 swamp worms
  3 naga skeletons
  11 nagas
  A naga zombie (Crypt:1)
  2 water moccasins
  7 orc warriors
  A swamp dragon zombie (Swamp:4)
  4 ogres
  5 wolves
  A centaur (D:8)
  An earth elemental (Elf:2)
  A kobold brigand (D:6)
  2 bullfrogs
  A komodo dragon zombie (Crypt:2)
  7 necrophages
  12 wights
  2 killer bees (D:10)
  A raiju skeleton (Crypt:2)
  An electric eel (Snake:2)
  A crimson imp (D:11)
  3 quasits (D:7)
  4 orc priests
  7 orc wizards
  8 orcs
  3 bats (D:8)
  7 endoplasms (Lair:3)
  A kobold (D:6)
  A jackal skeleton (Crypt:2)
  A butterfly (Lair:2)
775 creatures vanquished.

Vanquished Creatures (others)
  A yaktaur captain (Vaults:2)
  A deep elf zephyrmancer (Elf:1)
  A deep elf pyromancer (Elf:1)
  An orc knight (Orc:2)
  A black mamba (Snake:4)
  A bloated husk (Swamp:4)
  A troll (Orc:2)
  A saltling (Desolation)
  A water moccasin (Lair:5)
  13 orc warriors (Orc:2)
  2 ogres (Orc:2)
  6 centaurs (Orc:2)
  2 wights (D:6)
  An orc priest (Orc:2)
  115 battlemagi
  4 orc wizards (Orc:2)
  22 orcs
  A jackal (D:1)
  2 kobolds (D:9)
  16 foxfires (Swamp:3)
  27 snaplasher vines
220 creatures vanquished.

Grand Total: 1908 creatures vanquished

Notes
Turn   | Place    | Note
-------+----------+-------------------------------------------
     0 | D:1      | cforsyth the Gnoll Artificer began the quest for the Orb.
     0 | D:1      | Reached XP level 1. HP: 17/17 MP: 1/1
   210 | D:1      | Reached XP level 2. HP: 2/23 MP: 2/2
   804 | D:1      | Reached XP level 3. HP: 26/28 MP: 3/3
  1051 | D:2      | Noticed Terence
  1063 | D:2      | Reached skill level 1 in Invocations
  1065 | D:2      | Killed Terence
  1066 | D:2      | Reached skill level 1 in Short Blades
  1066 | D:2      | Reached skill level 1 in Long Blades
  1066 | D:2      | Reached skill level 1 in Axes
  1066 | D:2      | Reached skill level 1 in Maces & Flails
  1066 | D:2      | Reached skill level 1 in Polearms
  1066 | D:2      | Reached skill level 1 in Staves
  1066 | D:2      | Reached skill level 1 in Ranged Weapons
  1066 | D:2      | Reached skill level 1 in Throwing
  1066 | D:2      | Reached skill level 1 in Shields
  1066 | D:2      | Reached skill level 1 in Unarmed Combat
  1066 | D:2      | Reached skill level 1 in Spellcasting
  1066 | D:2      | Reached XP level 4. HP: 9/34 MP: 5/5
  1340 | D:2      | Noticed Natasha
  1344 | D:2      | Killed Natasha
  1345 | D:2      | Reached skill level 1 in Conjurations
  1345 | D:2      | Reached skill level 1 in Hexes
  1345 | D:2      | Reached skill level 1 in Summonings
  1345 | D:2      | Reached skill level 1 in Necromancy
  1345 | D:2      | Reached skill level 1 in Translocations
  1345 | D:2      | Reached skill level 1 in Transmutations
  1345 | D:2      | Reached skill level 1 in Fire Magic
  1345 | D:2      | Reached skill level 1 in Ice Magic
  1345 | D:2      | Reached skill level 1 in Air Magic
  1345 | D:2      | Reached skill level 1 in Earth Magic
  1345 | D:2      | Reached skill level 1 in Poison Magic
  1345 | D:2      | Reached skill level 1 in Shapeshifting
  1352 | D:2      | Noticed Natasha
  1372 | D:2      | Killed Natasha
  1373 | D:2      | Reached XP level 5. HP: 12/40 MP: 5/7
  1936 | D:2      | You are sucked into a shaft and drop 1 floor!
  2001 | D:2      | Identified the scarf of Feasting {harm, rPois SInv}
  2092 | D:2      | Noticed Natasha
  2122 | D:2      | Killed Natasha
  2500 | D:3      | Identified the +2 short sword of Cilar {antimagic, rF+
                  | Will+}
  2641 | D:3      | Reached XP level 6. HP: 8/47 MP: 8/8
  2866 | D:3      | Reached skill level 5 in Armour
  3172 | D:3      | Found a broken altar of Ashenzari.
  3174 | D:3      | Noticed Ijyb
  3184 | D:3      | Killed Ijyb
  3185 | D:3      | Reached skill level 2 in Short Blades
  3691 | D:4      | Noticed Edmund
  3701 | D:4      | Killed Edmund
  3857 | D:4      | Found Usionuh's Armour Shoppe.
  4063 | D:4      | Reached XP level 7. HP: 42/52 MP: 3/10
  4369 | D:4      | Found an ornate altar of the Wu Jian Council.
  4548 | D:4      | Bought a +2 pair of boots for 181 gold pieces
  4561 | D:5      | Entered Level 5 of the Dungeon
  4566 | D:5      | Noticed Eustachio
  4583 | D:5      | Killed Eustachio
  5079 | D:5      | Found an opulent altar of Gozag.
  5278 | D:6      | Reached skill level 3 in Short Blades
  5278 | D:6      | Reached XP level 8. HP: 48/60 MP: 4/12
  5446 | D:6      | Noticed Menkaure
  5487 | D:6      | Killed Menkaure
  6813 | D:6      | Found a hazy altar of Hepliaklqana.
  6817 | D:6      | Became a worshipper of Hepliaklqana the Forgotten
  6851 | D:7      | Identified a scroll of acquirement
  6851 | D:7      | Acquired the ring "Ybewa Romn" {Fly rElec rPois rN+}
  6883 | D:7      | Found a transporter.
  6954 | D:7      | Found a flagged portal.
  6993 | Bailey   | Entered a bailey
  7193 | Bailey   | Reached XP level 9. HP: 37/66 MP: 4/14
  7261 | Bailey   | Reached skill level 4 in Short Blades
  7652 | Bailey   | Reached skill level 5 in Fighting
  7652 | Bailey   | Reached skill level 5 in Dodging
  7760 | Bailey   | Noticed an orc knight
  7760 | Bailey   | Noticed an orc knight
  7766 | Bailey   | Killed an orc knight
  7767 | Bailey   | Reached skill level 5 in Stealth
  7767 | Bailey   | Reached skill level 5 in Invocations
  7774 | Bailey   | Killed an orc knight
  7943 | Bailey   | Identified the staff "Zanwysh" {rElec rF+ MP+9 Dex+3 Air}
  7946 | Bailey   | Identified the +2 pair of gloves of Conscience {Fly rC+}
  8329 | D:7      | Reached XP level 10. HP: 60/75 MP: 5/17
  8514 | D:7      | Reached skill level 5 in Short Blades
  8514 | D:7      | Reached skill level 5 in Long Blades
  8514 | D:7      | Reached skill level 5 in Axes
  8514 | D:7      | Reached skill level 5 in Maces & Flails
  8514 | D:7      | Reached skill level 5 in Polearms
  8514 | D:7      | Reached skill level 5 in Staves
  8514 | D:7      | Reached skill level 5 in Ranged Weapons
  8514 | D:7      | Reached skill level 5 in Throwing
  8514 | D:7      | Reached skill level 5 in Shields
  8514 | D:7      | Reached skill level 5 in Unarmed Combat
  8514 | D:7      | Reached skill level 5 in Spellcasting
  8590 | D:7      | Found a staircase to the Ecumenical Temple.
  8594 | D:7      | Found a hide-covered altar of Uskayaw.
  8619 | D:7      | Found a transporter.
  8636 | D:7      | Noticed cforsyth's ghost (novice GnAr)
  9398 | D:7      | Reached * piety under Hepliaklqana
 11147 | D:8      | Reached ** piety under Hepliaklqana
 11148 | D:8      | Remembered your ancestor Marduk-asir as a battlemage
 11459 | D:9      | Found a burning altar of Makhleb.
 11817 | D:9      | Noticed an ice statue
 12678 | D:9      | Killed an ice statue
 12803 | D:9      | Learned a level 3 spell: Stone Arrow
 12827 | D:10     | Entered Level 10 of the Dungeon
 12842 | D:10     | Found a staircase to the Lair.
 12895 | D:9      | Reached XP level 11. HP: 45/74 MP: 8/19
 13090 | D:9      | Reached skill level 6 in Short Blades
 13149 | D:10     | Reached skill level 5 in Conjurations
 13149 | D:10     | Reached skill level 5 in Hexes
 13149 | D:10     | Reached skill level 5 in Summonings
 13149 | D:10     | Reached skill level 5 in Necromancy
 13149 | D:10     | Reached skill level 5 in Translocations
 13149 | D:10     | Reached skill level 5 in Transmutations
 13149 | D:10     | Reached skill level 5 in Fire Magic
 13149 | D:10     | Reached skill level 5 in Ice Magic
 13149 | D:10     | Reached skill level 5 in Air Magic
 13149 | D:10     | Reached skill level 5 in Earth Magic
 13149 | D:10     | Reached skill level 5 in Poison Magic
 13149 | D:10     | Reached skill level 5 in Shapeshifting
 13834 | D:10     | Reached *** piety under Hepliaklqana
 13843 | D:10     | Found a staircase to the Orcish Mines.
 14612 | D:11     | Found a transporter.
 14614 | D:11     | Noticed a two-headed ogre
 14615 | D:11     | Noticed Juicyj's ghost (journeyman MiFi)
 14616 | D:11     | Found a transporter.
 14617 | D:11     | Noticed an orc knight
 14617 | D:11     | Noticed a cyan ugly thing
 14718 | D:11     | Noticed a boulder beetle
 14718 | D:11     | Noticed a two-headed ogre
 14741 | D:11     | Killed a two-headed ogre
 15020 | D:11     | Found a shimmering altar of Xom.
 15444 | D:11     | Killed a boulder beetle
 16375 | D:12     | Noticed Rupert
 16377 | D:12     | Paralysed by Rupert for 3 turns
 16386 | D:12     | Killed Rupert
 16387 | D:12     | Reached skill level 7 in Short Blades
 16387 | D:12     | Reached XP level 12. HP: 81/81 MP: 22/22
 17020 | D:12     | Noticed a centaur warrior
 17030 | D:12     | Killed a centaur warrior
 17405 | D:13     | Found Mowa's Distillery.
 17432 | D:13     | Noticed a centaur warrior
 17433 | D:13     | Noticed an ogre mage
 17435 | D:13     | Noticed Nessos
 17438 | D:13     | HP: 4/82 [Nessos/arrow (3)]
 17940 | D:13     | Noticed a two-headed ogre
 18172 | D:13     | Noticed a vault guard
 18227 | D:13     | Found Sionitz's Book Shoppe.
 18245 | D:13     | Killed a vault guard
 18449 | D:13     | Reached skill level 10 in Evocations
 18522 | D:13     | Killed a centaur warrior
 18530 | D:13     | Noticed an ironbound thunderhulk
 18539 | D:13     | Killed an ironbound thunderhulk
 18610 | D:13     | Found Ikehiopt's Magic Scroll Shoppe.
 18610 | D:13     | Reached **** piety under Hepliaklqana
 18619 | D:13     | Bought a scroll of acquirement for 624 gold pieces
 18619 | D:13     | Acquired 822 gold pieces
 18653 | D:13     | Noticed a catoblepas
 18903 | Lair:1   | Entered Level 1 of the Lair of Beasts
 20105 | Lair:1   | Reached skill level 8 in Short Blades
 20105 | Lair:1   | Reached XP level 13. HP: 74/89 MP: 12/25
 20331 | Lair:1   | Found a runed translucent door.
 20331 | Lair:1   | Noticed Selrock's ghost (journeyman GrFi)
 21569 | Lair:2   | Found a staircase to the Snake Pit.
 21849 | Lair:2   | Found a staircase to the Swamp.
 21849 | Lair:2   | Noticed an eleionoma
 21858 | Lair:2   | Killed an eleionoma
 22116 | Lair:2   | Noticed Prince Ribbit
 22120 | Lair:2   | Killed Prince Ribbit
 22725 | Lair:2   | Learned a level 3 spell: Tukima's Dance
 22730 | Lair:2   | Learned a level 4 spell: Iskenderun's Mystic Blast
 22775 | Lair:3   | Reached ***** piety under Hepliaklqana
 22779 | Lair:3   | Identified the +0 cloak of Zisojoiq {rElec rPois}
 24392 | Lair:3   | Reached skill level 10 in Armour
 25423 | Lair:4   | Noticed experimilk's ghost (journeyman TrGl)
 25424 | Lair:4   | Found a runed translucent door.
 25478 | Lair:4   | Reached XP level 14. HP: 69/97 MP: 26/26
 25480 | Lair:4   | Reached skill level 9 in Short Blades
 26237 | Lair:5   | Entered Level 5 of the Lair of Beasts
 26243 | Lair:5   | Reached skill level 10 in Invocations
 26498 | Lair:5   | Found a transporter.
 26501 | Lair:5   | Noticed lunkers's ghost (journeyman MeSh)
 26705 | Lair:5   | Found a transporter.
 26963 | Lair:5   | Found a staircase to the Slime Pits.
 27824 | Lair:5   | Noticed a dire elephant
 27873 | Lair:5   | Killed a dire elephant
 28050 | Lair:5   | Found the +2 cloak of the Thief {*Fog Slay-2 SInv Stlth+}
 29465 | Lair:5   | Killed lunkers's ghost
 29787 | Lair:5   | Reached skill level 10 in Fighting
 29787 | Lair:5   | Reached skill level 10 in Dodging
 30050 | Lair:5   | Identified the amulet "Zothomiaci" {Drain rPois Regen+
                  | Dex+3}
 30298 | D:7      | Killed cforsyth's ghost
 30570 | D:11     | Found a transporter.
 30574 | D:11     | Found a transporter.
 30787 | D:11     | Killed Juicyj's ghost
 30788 | D:11     | Reached skill level 10 in Stealth
 30987 | D:11     | Found a shimmering altar of Xom.
 31571 | Lair:1   | Killed Selrock's ghost
 31767 | Lair:4   | Killed experimilk's ghost
 32741 | D:13     | Reached XP level 15. HP: 103/103 MP: 15/28
 32857 | D:13     | Killed Nessos
 33258 | D:13     | Found a gate to the Vaults.
 33314 | D:13     | Reached skill level 10 in Short Blades
 33314 | D:13     | Reached skill level 10 in Long Blades
 33314 | D:13     | Reached skill level 10 in Axes
 33314 | D:13     | Reached skill level 10 in Maces & Flails
 33314 | D:13     | Reached skill level 10 in Polearms
 33314 | D:13     | Reached skill level 10 in Staves
 33314 | D:13     | Reached skill level 10 in Ranged Weapons
 33314 | D:13     | Reached skill level 10 in Throwing
 33314 | D:13     | Reached skill level 10 in Shields
 33314 | D:13     | Reached skill level 10 in Unarmed Combat
 33314 | D:13     | Reached skill level 10 in Spellcasting
 34062 | D:13     | Found a faded altar of an unknown god.
 34063 | D:13     | Found a hazy altar of Hepliaklqana.
 34231 | Orc:1    | Entered Level 1 of the Orcish Mines
 34231 | Orc:1    | Found a transporter.
 34327 | Orc:1    | Found a transporter.
 34327 | Orc:1    | Noticed Dagg's ghost (journeyman FoFi)
 34329 | Orc:1    | Noticed an orc warlord
 34651 | Orc:1    | Noticed Harold
 34654 | Orc:1    | Killed Harold
 35090 | Orc:1    | You are sucked into a shaft and drop 1 floor!
 35090 | Orc:2    | Entered Level 2 of the Orcish Mines
 35090 | Orc:2    | Found a flickering gateway to a bazaar.
 35102 | Orc:2    | Found a staircase to the Elven Halls.
 35110 | Bazaar   | Entered a bazaar
 35237 | Bazaar   | Found Orowoisole's Antique Weapon Emporium.
 35250 | Bazaar   | Found Waemp's Antique Weapon Shoppe.
 35267 | Bazaar   | Found Nust's Antique Armour Shoppe.
 35278 | Bazaar   | Found Binebuesm's Antique Armour Emporium.
 35301 | Bazaar   | Bought an ancient chain mail for 180 gold pieces
 35301 | Bazaar   | Identified the +8 chain mail "Sienleik" {*Corrode rN++
                  | Int+5} (You bought it in a shop in a bazaar)
 35670 | Orc:2    | Noticed Saint Roka
 36042 | Orc:2    | Paralysed by an orc sorcerer for 4 turns
 36254 | Orc:2    | Killed Saint Roka
 36743 | Orc:2    | Found Vedaer's General Store.
 36743 | Orc:2    | Found Batav's Armour Boutique.
 36743 | Orc:2    | Found Oxurph's Antique Weapon Shop.
 36780 | Orc:2    | Found Soipa's Armour Shoppe.
 36794 | Orc:2    | Bought a fine trident for 255 gold pieces
 36794 | Orc:2    | Identified the +3 trident "Moicucoz" {flame, *Slow rF++
                  | Str+2 Int+2} (You bought it in a shop on level 2 of the
                  | Orcish Mines)
 37305 | D:14     | Found a runed translucent door.
 39235 | D:14     | Noticed niangp's ghost (journeyman MiBe)
 39250 | D:14     | Killed niangp's ghost
 39400 | D:15     | Entered Level 15 of the Dungeon
 39623 | D:15     | Found a frozen archway.
 39703 | IceCv    | Entered an ice cave
 40656 | IceCv    | Reached XP level 16. HP: 112/112 MP: 10/30
 41012 | IceCv    | Identified the ring "Huwacomm" {Ice rElec Str-5 Dex+2}
 41960 | IceCv    | Reached skill level 11 in Short Blades
 43163 | D:15     | Noticed Jorgrun
 43172 | D:15     | Killed Jorgrun
 43790 | D:15     | Found a staircase to the Depths.
 43953 | D:15     | Reached skill level 10 in Shapeshifting
 43953 | D:15     | Upgraded the game from 0.31-a0-609-g7bf6ffcfed to
                  | 0.31-a0-618-g7ca08c1ff9
 44153 | Snake:1  | Entered Level 1 of the Snake Pit
 44607 | Snake:1  | Found Byokeuza's General Store.
 44981 | Snake:1  | Noticed Roxanne
 46217 | Snake:2  | Reached skill level 10 in Ice Magic
 46245 | Snake:2  | Noticed Nikola
 46259 | Snake:2  | Killed Nikola
 46432 | Snake:2  | Found an ornate altar of the Wu Jian Council.
 46491 | Snake:2  | Reached ****** piety under Hepliaklqana
 47726 | Snake:3  | Noticed a nagaraja
 47878 | Snake:3  | Killed a nagaraja
 48137 | Snake:3  | Reached XP level 17. HP: 97/119 MP: 0/32
 48840 | Snake:3  | Found a radiant altar of Vehumet.
 49371 | Snake:3  | Learned a level 5 spell: Irradiate
 49396 | Snake:4  | Entered Level 4 of the Snake Pit
 49396 | Snake:4  | Found Ciant's Book Shoppe.
 50390 | Snake:4  | Got the Spellbook of Transmogrification
 50723 | Snake:4  | Reached skill level 10 in Conjurations
 50723 | Snake:4  | Reached skill level 10 in Hexes
 50723 | Snake:4  | Reached skill level 10 in Summonings
 50723 | Snake:4  | Reached skill level 10 in Necromancy
 50723 | Snake:4  | Reached skill level 10 in Translocations
 50723 | Snake:4  | Reached skill level 10 in Transmutations
 50723 | Snake:4  | Reached skill level 10 in Fire Magic
 50723 | Snake:4  | Reached skill level 10 in Air Magic
 50723 | Snake:4  | Reached skill level 10 in Earth Magic
 50723 | Snake:4  | Reached skill level 10 in Poison Magic
 50832 | Snake:4  | Reached skill level 12 in Short Blades
 50896 | Snake:4  | Noticed Aizul
 50912 | Snake:4  | Killed Aizul
 51156 | Snake:4  | Identified the +2 robe "Udwehedepe" {Str+3 Stlth+}
 54144 | Snake:4  | Reached XP level 18. HP: 111/126 MP: 1/34
 54433 | Snake:4  | Got a serpentine rune of Zot
 54678 | Swamp:1  | Entered Level 1 of the Swamp
 55145 | Swamp:1  | Reached skill level 13 in Short Blades
 55881 | Swamp:1  | You are sucked into a shaft and drop 1 floor!
 58989 | Swamp:4  | Entered Level 4 of the Swamp
 59210 | Swamp:3  | Learned a level 5 spell: Summon Forest
 61132 | Swamp:4  | Reached skill level 14 in Short Blades
 62766 | Swamp:4  | Reached XP level 19. HP: 134/134 MP: 29/36
 63029 | Swamp:4  | Found a basalt altar of Yredelemnul.
 63062 | Swamp:4  | Found a blossoming altar of Fedhas.
 63157 | Swamp:4  | Got a decaying rune of Zot
 63726 | Orc:1    | Killed Dagg's ghost
 64065 | Vaults:1 | Entered Level 1 of the Vaults
 64112 | Vaults:1 | Found a crumbling gateway.
 64124 | Desolati | Entered the Desolation of Salt
 64671 | Desolati | Got the Quarto of Filth and Unholy Arts
 64674 | Desolati | Identified the amulet "Oriq" {Faith Harm rElec}
 65324 | Desolati | Identified the +1 robe of Atux {-Cast Rampage Will+++
                  | Stlth+}
 66115 | Desolati | Got the Elucidation of the Enchanted Geodesic
 66118 | Desolati | Identified the +0 cloak of Resourcefulness {*Corrode MP+9
                  | Slay+3}
 66287 | Desolati | Identified the +1 scale mail of the Doomed God {rF+ Str+4}
 66563 | Vaults:1 | Reached skill level 15 in Short Blades
 66916 | Vaults:1 | Identified the +2 chain mail of Proximity {Str+2 Dex+4}
 68117 | Vaults:1 | Reached skill level 15 in Evocations
 68721 | Vaults:1 | Reached XP level 20. HP: 142/142 MP: 15/37
 69802 | Vaults:2 | Learned a level 5 spell: Summon Mana Viper
 70132 | Vaults:2 | Paralysed by a formless jellyfish for 1 turns
 70269 | Vaults:2 | Reached skill level 15 in Invocations
 70519 | Vaults:2 | Identified the +9 dagger "Otifeat" {spect, Dex+5}
 71405 | Vaults:2 | Found a staircase to the Crypt.
 71405 | Vaults:2 | Found a basalt altar of Yredelemnul.
 71406 | Vaults:2 | Found an ancient bone altar of Kikubaaqudgha.
 72062 | Vaults:3 | Found a portal to a secret trove of treasure.
 72256 | Vaults:3 | Reached skill level 16 in Short Blades
 73293 | Vaults:3 | Found Teceryl's Antique Weapon Emporium.
 74062 | Vaults:3 | Paralysed by a formless jellyfish for 1 turns
 74338 | Vaults:4 | Found Geziuw's Weapon Emporium.
 74447 | Vaults:4 | Reached skill level 15 in Armour
 74486 | Vaults:4 | Found a flickering gateway to a bazaar.
 74493 | Bazaar   | Entered a bazaar
 74493 | Bazaar   | Found Waenicu's Book Shop.
 74493 | Bazaar   | Found Jonwival's Antique Weapon Shop.
 74647 | Bazaar   | Found Nuaticuu's Antique Armour Emporium.
 74662 | Bazaar   | Found Juykaps's General Store.
 74670 | Bazaar   | Found Hamoo's Magic Scroll Boutique.
 74678 | Bazaar   | Bought a scroll of teleportation for 48 gold pieces
 74678 | Bazaar   | Bought a scroll of teleportation for 48 gold pieces
 74700 | Bazaar   | Bought a book of Dangerous Friends for 360 gold pieces
 74762 | Vaults:4 | Reached XP level 21. HP: 131/149 MP: 6/39
 76104 | Vaults:5 | Entered Level 5 of the Vaults
 76506 | Vaults:4 | Reached skill level 17 in Short Blades
 76779 | Vaults:4 | Found a runed translucent gate.
 76779 | Vaults:4 | Found a runed translucent gate.
 76779 | Vaults:4 | Noticed Yptir's ghost (adept AtFE)
 76780 | Vaults:4 | Found a runed translucent gate.
 76863 | Vaults:4 | Killed Yptir's ghost
 76864 | Vaults:4 | Reached skill level 15 in Ice Magic
 77165 | Vaults:4 | Identified the +0 helmet of the Leaf {Rampage}
 77431 | Elf:1    | Entered Level 1 of the Elven Halls
 77812 | Elf:1    | Reached skill level 15 in Fighting
 77812 | Elf:1    | Reached skill level 15 in Dodging
 78077 | Elf:1    | Reached skill level 15 in Stealth
 78125 | Elf:1    | Noticed Frances
 78140 | Elf:1    | Killed Frances
 79577 | Elf:2    | Paralysed by an air elemental for 1 turns
 80082 | Elf:2    | Found Pyrr's Magic Scroll Boutique.
 80088 | Elf:2    | Bought a scroll of teleportation for 48 gold pieces
 80088 | Elf:2    | Bought a scroll of blinking for 120 gold pieces
 80146 | Elf:2    | Reached skill level 15 in Long Blades
 80146 | Elf:2    | Reached skill level 15 in Axes
 80146 | Elf:2    | Reached skill level 15 in Maces & Flails
 80146 | Elf:2    | Reached skill level 15 in Polearms
 80146 | Elf:2    | Reached skill level 15 in Staves
 80146 | Elf:2    | Reached skill level 15 in Ranged Weapons
 80146 | Elf:2    | Reached skill level 15 in Throwing
 80146 | Elf:2    | Reached skill level 15 in Shields
 80146 | Elf:2    | Reached skill level 15 in Unarmed Combat
 80146 | Elf:2    | Reached skill level 15 in Spellcasting
 80611 | Elf:2    | Found a runed translucent gate.
 80612 | Elf:2    | Found a runed translucent gate.
 80612 | Elf:2    | Found a runed translucent gate.
 81002 | Elf:2    | Reached XP level 22. HP: 136/157 MP: 15/41
 81859 | Elf:3    | Entered Level 3 of the Elven Halls
 82353 | Elf:3    | Found an ancient bone altar of Kikubaaqudgha.
 83204 | Elf:3    | Reached skill level 18 in Short Blades
 83990 | Elf:3    | Paralysed by an air elemental for 1 turns
 83995 | Elf:3    | Paralysed by an air elemental for 1 turns
 84000 | Elf:3    | Paralysed by an air elemental for 1 turns
 85053 | Elf:3    | Got the Elucidation of Hurting
 85088 | Elf:3    | Got the Quarto of the Injurious Serac
 85492 | Crypt:1  | Entered Level 1 of the Crypt
 86682 | Crypt:2  | Reached XP level 23. HP: 164/164 MP: 37/42
 87839 | Crypt:2  | Got the Anthology of the Leaden Spider
 88263 | Crypt:3  | Entered Level 3 of the Crypt
 88272 | Crypt:3  | Reached skill level 19 in Short Blades
 89643 | Crypt:3  | Identified the +9 flail of Xetyk {flame, Str+3 Int+6}
 89725 | Crypt:3  | Learned a level 7 spell: Spellforged Servitor
 89732 | Crypt:3  | Learned a level 6 spell: Plasma Beam
 89898 | Crypt:3  | Identified the +0 leather armour of the Tangerine {Will+
                  | Str+2 Slay+3} (You took it off a skeletal warrior on level
                  | 3 of the Crypt)
 89955 | Crypt:3  | Identified the +2 short sword of Pride {venom, rPois rC+
                  | Str+6 Int+2}
 89956 | Crypt:3  | Identified the staff "Muyr" {rElec rPois rF+ Fire}
 90067 | Crypt:3  | Paralysed by a vampire knight for 3 turns
 90970 | Crypt:3  | Found an ancient bone altar of Kikubaaqudgha.
 90985 | Crypt:3  | Noticed a dread lich
 91273 | Crypt:3  | Found a staircase to the Tomb.
 91273 | Crypt:3  | Noticed a dread lich
 91282 | Crypt:3  | Paralysed by something for 4 turns
 91290 | Crypt:3  | Paralysed by something for 4 turns
 91291 | Crypt:3  | Killed a dread lich
 91296 | Crypt:3  | Got the Collected Works on Beguiling
 91397 | Crypt:3  | Killed a dread lich
 92375 | Vaults:4 | Reached skill level 15 in Shapeshifting
 92822 | Vaults:5 | Noticed a dread lich
 93069 | Vaults:4 | Paralysed by a dread lich for 3 turns
 93072 | Vaults:4 | Killed a dread lich
 93073 | Vaults:4 | Reached XP level 24. HP: 73/173 MP: 34/43
 93640 | Vaults:5 | Slain by a vault guard

Illustrated notes

Levels and vault maps discovered:
D:1:      mrwooster_arrival_statue_3, layout_basic
D:2:      layout_loops_ring, uniq_terence, uniq_natasha
D:3:      layout_rooms, mainiacjoe_overflow_boulevard, grunt_decor_fettered,
          uniq_ijyb
D:4:      minmay_octagon_keep, layout_basic,
          mainiacjoe_overflow_concentric_impassable, serial_shops, shop,
          uniq_edmund
D:5:      layout_rooms, nicolae_gozag_cash_rules_everything_around_me,
          serial_curves, eino_curves_03, eino_curves_01, eino_curves_04,
          uniq_eustachio
D:6:      corexii_shack_village, layout_layer_cave,
          mainiacjoe_overflow_chevrons, uniq_menkaure
D:7:      layout_basic, lemuel_round_altar, minmay_temple_entry_statues_pillars,
          serial_corexii_hall, corexii_hall_statues_x,
          chequers_hall_statues_wall_a, gammafunk_ghost_stat_death,
          enter_bailey_4
D:8:      layout_basic, roderic_batcave, nrook_pool_corridor,
          corexii_hall_statues_i, kennysheep_opposing_triangles
D:9:      layout_basic, mainiacjoe_overflow_cross_hatched, minivault_16,
          st_stairs_12
D:10:     layout_long_grid, erik_lair_orcish_takeover, orc_0_dummy
D:11:     layout_loops_ring, gammafunk_ghost_arena, led_xom_imps
D:12:     layout_layer_cave, minmay_misc_feat_pillars, uniq_rupert
D:13:     layout_small_grid, hellmonk_vaults_keyhole, serial_shops,
          kennysheep_mini, shop, shop, beargit_hepliaklqana_dungeon_heroes,
          uniq_nessos
D:14:     layout_rooms, corexii_hall_statues_i, ebering_ghost_reflecting_pool,
          minmay_holes
D:15:     grunt_enter_depths_snipers, layout_small_grid,
          portal_ice_cave_entry_horrid_things, dreamdust_princess_corridor,
          serial_glass, glass_columns_a, glass_columns_b, nicolae_titane,
          uniq_jorgrun
Lair:1:   layout_cave_pods, gammafunk_ghost_grave
Lair:2:   layout_roguey, alex1729_swamp_entry_worm_eleionoma,
          guppyfry_snake_entry_garden, beast_lair_carwin_1, lemuel_fruit_fields,
          lemuel_fruit_fields, uniq_prince_ribbit2
Lair:3:   lemuel_slime, layout_regular_city, serial_bayou_crossing,
          lemuel_fruit_tree
Lair:4:   layout_long_grid, hellmonk_ghost_happy_afterlife,
          minmay_lair_oklob_bushes, grunt_forest_small_clearings,
          grunt_megastairs_4
Lair:5:   grunt_lair_end_beastmaster, layout_small_grid,
          dpeg_slime_entry_enclosed, nzn_ghost_randoct,
          chequers_serial_rivers_marsh, serial_bayou_shore_b
Swamp:1:  layout_falls_marsh, nicolae_swamp_ascending_descending
Swamp:2:  layout_basic_swamp, nicolae_swamp_little_swirl
Swamp:3:  layout_falls_marsh, nicolae_swamp_small_spring
Swamp:4:  byrel_swamp_growth_death_and_undeath, layout_basic_swamp, swamp_pool2
Snake:1:  nicolae_snake_nest, layout_rooms, serial_shops, shop, uniq_roxanne
Snake:2:  nicolae_snake_shooting_gallery, layout_rooms, basic_altar, uniq_nikola
Snake:3:  layout_basic, basic_altar
Snake:4:  grunt_snake_rune_serpentine_throne, layout_basic, serial_shops, shop,
          uniq_aizul
Orc:1:    layout_caves, gammafunk_ghost_arena, nicolae_orc_lost_temple,
          uniq_harold
Orc:2:    st_orc_rangers, layout_diamond_mine, serial_shops, freezing_bzr,
          mines2_david, uniq_saint_roka
Elf:1:    layout_rooms, kennysheep_underground_church, due_unseen_surprise,
          uniq_frances
Elf:2:    nicolae_elf_blades_crystal_corner, layout_gridlike, serial_shops,
          nicolae_shop_trees
Elf:3:    minmay_elf_hall_four_x, layout_geoelf_octagon, basic_altar
Vaults:1: portal_desolation_entry_garden, v_misc_13, v_misc_18,
          grunt_vaults_bifocal, nicolae_vaults_wine_cellar,
          nicolae_vaults_little_squares_1, nicolae_vaults_surprise_closet,
          vaults_standard_mumra_x, layout_vaults_omnigrid
Vaults:2: st_lines, minmay_crypt_entry_necro_gods,
          ontoclasm_vaults_loading_screen, v_misc_4,
          nicolae_vaults_storage_room_glass, nicolae_vaults_swerve,
          nicolae_vaults_rhombus_5, v_misc_11, hangedman_vaults_hat, v_misc_9,
          layout_vaults_chaotic_city
Vaults:3: vaults_dpeg_encased_lava, nicolae_vaults_apartment_1, v_pattern_1,
          vaults_mumra_chevron_long, nicolae_vaults_circle_grid_b,
          ontoclasm_vaults_idyll, v_misc_14, vaults_room_octagon,
          nicolae_vaults_heist, ontoclasm_vaults_claustrophobia,
          nicolae_vaults_ring_of_whatevers, hangedman_vaults_locks,
          vaults_standard_mumra_lines, nicolae_vaults_stepped_doors,
          nicolae_vaults_trapezoid_lopsided_3, nicolae_vaults_closet_pinwheel_6,
          layout_vaults_maze_snakey, serial_shops,
          nicolae_shop_tiny_statue_garden, enter_trove_6
Vaults:4: biasface_ghost_orc_armoury, vaults_mumra_minichess,
          hangedman_vaults_river_flow, nicolae_vaults_trapezoid_3,
          nicolae_vaults_trapezoid_4, nicolae_vaults_loss_of_containment,
          nicolae_vaults_frosty_reception, nicolae_vaults_diamond_1, v_misc_4,
          v_misc_9, nicolae_vaults_rhombus_6,
          nicolae_vaults_taking_the_gang_shopping,
          nicolae_vaults_offset_grid_hallway_2, nicolae_vaults_diamond_2,
          nicolae_vaults_double_plus_1, layout_vaults_omnicross, serial_shops,
          bzr_entry_road
Vaults:5
Crypt:1:  layout_gridlike, grunt_ministairs_8
Crypt:2:  layout_catacombs
Crypt:3:  quadcrypt_mu

Skill      XL: |  1  2  3  4  5  6  7  8  9 10 11 12 13 14 15 16 17 18 19 20 21 22 23 24 |
---------------+-------------------------------------------------------------------------+-----
Invocations    | 1 2 3 4 5 6 7 8 9 10 11 12 13 14 15 16 17 | 17.8
Short Blades   | 1 2 3 4 5 7 8 9 10 11 12 14 15 16 17 18 19 | 19.9
Long Blades    | 1 2 3 4 5 7 8 9 10 11 12 13 14 15 16 | 16.4
Axes           | 1 2 3 4 5 7 8 9 10 11 12 13 14 15 16 | 16.4
Maces & Flails | 1 2 3 4 5 7 8 9 10 11 12 13 14 15 16 | 16.4
Polearms       | 1 2 3 4 5 7 8 9 10 11 12 13 14 15 16 | 16.4
Staves         | 1 2 3 4 5 7 8 9 10 11 12 13 14 15 16 | 16.4
Ranged Weapons | 1 2 3 4 5 7 8 9 10 11 12 13 14 15 16 | 16.4
Throwing       | 1 2 3 4 5 7 8 9 10 11 12 13 14 15 16 | 16.4
Shields        | 1 2 3 4 5 7 8 9 10 11 12 13 14 15 16 | 16.4
Unarmed Combat | 1 2 3 4 5 7 8 9 10 11 12 13 14 15 16 | 16.4
Spellcasting   | 1 2 3 4 5 7 8 9 10 11 12 13 14 15 16 | 16.4
Conjurations   | 1 2 3 4 5 6 7 8 9 10 11 12 13 14 | 14.0
Hexes          | 1 2 3 4 5 6 7 8 9 10 11 12 13 14 | 14.0
Summonings     | 1 2 3 4 5 6 7 8 9 10 11 12 13 14 | 14.0
Necromancy     | 1 2 3 4 5 6 7 8 9 10 11 12 13 14 | 14.0
Translocations | 1 2 3 4 5 6 7 8 9 10 11 12 13 14 | 14.0
Transmutations | 1 2 3 4 5 6 7 8 9 10 11 12 13 14 | 14.0
Fire Magic     | 1 2 3 4 5 6 7 8 9 10 11 12 13 14 | 14.0
Ice Magic      | 1 2 3 4 5 6 7 8 9 10 11 12 13 14 15 16 17 | 17.3
Air Magic      | 1 2 3 4 5 6 7 8 9 10 11 12 13 14 | 14.0
Earth Magic    | 1 2 3 4 5 6 7 8 9 10 11 12 13 14 | 14.0
Poison Magic   | 1 2 3 4 5 6 7 8 9 10 11 12 13 14 | 14.0
Shapeshifting  | 1 2 3 4 5 6 7 8 9 10 11 12 13 14 15 | 15.1
Fighting       | 3 4 5 6 7 8 9 10 11 12 13 14 15 16 | 16.6
Dodging        | 3 4 5 6 7 8 9 10 11 12 13 14 15 16 | 16.6
Stealth        | 3 4 5 6 7 8 9 10 11 12 13 14 15 16 | 16.6
Armour         | 5 6 7 8 9 10 11 12 13 14 15 16 17 | 17.0
Evocations     | 7 8 9 10 11 12 13 14 15 16 17 | 17.5

Action                     |  1- 3 |  4- 6 |  7- 9 | 10-12 | 13-15 | 16-18 | 19-21 | 22-24 || total
---------------------------+-------+-------+-------+-------+-------+-------+-------+-------++-------
  Melee: Club              |    90 |   210 |       |       |       |       |       |       ||   300
         Bite              |     8 |    32 |    48 |    86 |    61 |    16 |    86 |    85 ||   422
         Punch             |     3 |     2 |    17 |    18 |       |       |       |       ||    40
         Short sword       |       |    42 |   418 |   287 |     4 |       |       |       ||   751
         Falchion          |       |       |       |   251 |    50 |       |       |       ||   301
         Long sword        |       |       |       |       |   426 |    59 |   386 |   287 ||  1158
         Flail             |       |       |       |       |       |       |       |    79 ||    79
  Throw: Dart              |     2 |       |       |       |       |       |       |       ||     2
   Cast: Stone Arrow       |       |       |       |   116 |   435 |   925 |   690 |   141 ||  2307
         Tukima's Dance    |       |       |       |       |     6 |       |       |       ||     6
         Summon Forest     |       |       |       |       |       |     1 |    34 |    58 ||    93
         Summon Mana Viper |       |       |       |       |       |       |    45 |    93 ||   138
         Iskenderun's Myst |       |       |       |       |       |       |       |     1 ||     1
         Irradiate         |       |       |       |       |       |       |       |    32 ||    32
         Spellforged Servi |       |       |       |       |       |       |       |    15 ||    15
         Plasma Beam       |       |       |       |       |       |       |       |     1 ||     1
 Invoke: Ancestor Life: Ba |       |       |       |     1 |       |       |       |       ||     1
         Recall Ancestor   |       |       |       |     2 |    10 |     8 |     7 |     3 ||    30
  Evoke: Wand              |    11 |    29 |    44 |    16 |    20 |     7 |     6 |     4 ||   137
    Use: Potion            |       |     1 |       |     3 |     1 |     1 |     1 |       ||     7
         Scroll            |       |       |    14 |    14 |     5 |     4 |     8 |     6 ||    51
   Stab: Sleeping          |     2 |     3 |     6 |     3 |     4 |     2 |     3 |     3 ||    26
         Distracted        |       |       |       |     4 |    15 |       |    11 |    26 ||    56
         Paralysed         |       |       |       |    11 |     3 |     3 |       |     1 ||    18
         Petrifying        |       |       |       |     1 |       |       |       |       ||     1
 Armour: Leather armour    |    27 |    79 |       |       |       |       |       |       ||   106
         Ring mail         |       |     9 |   159 |   265 |   312 |   228 |    53 |       ||  1026
         Scale mail        |       |       |       |       |       |       |   209 |   236 ||   445
  Dodge: Dodged            |    78 |   242 |   367 |   476 |   344 |   334 |   381 |   271 ||  2493
  Block: Buckler           |       |       |       |    45 |       |       |       |       ||    45
         Kite shield       |       |       |       |       |   425 |   393 |   520 |   388 ||  1726

Table legend: (Time is in decaauts)
 A = Elapsed time spent in this place.
 B = Non-inter-level travel time spent in this place.
 C = Inter-level travel time spent in this place.
 D = Time resting spent in this place.
 E = Time spent auto-exploring this place.
 F = Levels seen in this place.
 G = Mean time per level.
                   A        B        C        D        E       F      G
               +--------+--------+--------+--------+--------+-----+--------+
         Total |  93599 |  89526 |   4073 |  27531 |  46773 |  46 | 2034.8 |
       Dungeon |  26336 |  24432 |   1904 |   5166 |  15084 |  15 | 1755.7 |
          Lair |  12631 |  11937 |    694 |   3383 |   6687 |   5 | 2526.2 |
         Swamp |   7591 |   7329 |    262 |   3444 |   3019 |   4 | 1897.8 |
     Snake Pit |  10527 |  10359 |    168 |   5279 |   3786 |   4 | 2631.8 |
  Orcish Mines |   3387 |   3274 |    113 |   1487 |   1184 |   2 | 1693.5 |
   Elven Halls |   7516 |   7325 |    191 |   2144 |   3460 |   3 | 2505.3 |
        Vaults |  12564 |  12090 |    474 |   3462 |   6560 |   5 | 2512.8 |
         Crypt |   6104 |   5841 |    263 |    954 |   3648 |   3 | 2034.7 |
        Bazaar |    518 |    518 |      0 |    218 |    240 |   2 |  259.0 |
        Bailey |   1270 |   1270 |      0 |    520 |    487 |   1 | 1270.0 |
      Ice Cave |   2862 |   2862 |      0 |    906 |   1548 |   1 | 2862.0 |
    Desolation |   2287 |   2287 |      0 |    568 |   1069 |   1 | 2287.0 |
               +--------+--------+--------+--------+--------+-----+--------+

Top non-repeatable levels by time:
Vaults:4: 4322 daAuts
 Snake:3: 4003 daAuts
  Lair:5: 3878 daAuts
   Elf:3: 3411 daAuts
Vaults:1: 3081 daAuts
 Swamp:3: 3042 daAuts
  Lair:2: 3012 daAuts
 Crypt:3: 2947 daAuts
    D:13: 2919 daAuts
   IceCv: 2862 daAuts
Vaults:3: 2795 daAuts
 Snake:4: 2645 daAuts
    D:11: 2596 daAuts
    D:12: 2528 daAuts
  Lair:1: 2337 daAuts
